 Dungeon Crawl Stone Soup version 0.19-a0-1653-g922d709 (webtiles) character file.

2549 TheGoonsmith the Grappler (level 9, -2/72 (73) HPs)
             Began as a Ghoul Monk on Sept 19, 2016.
             Was a Priest of Hepliaklqana.
             Killed by the air
             ... invoked by Gastronok
              (28 damage)
             ... on level 8 of the Dungeon.
             The game lasted 00:10:01 (6889 turns).

TheGoonsmith the Grappler (Ghoul Monk)              Turns: 6889, Time: 00:10:01

HP:   -2/72 (73)    AC:  9    Str: 15    XL:     9   Next: 56%
MP:   8/8           EV: 10    Int:  5    God:    Hepliaklqana [***...]
Gold: 290           SH:  0    Dex: 14    Spells: 0 memorised, 8 levels left

rFire  . . .     SeeInvis .       - Unarmed
rCold  + . .     Gourm    .     i - +1 scale mail
rNeg   + + +     Faith    .     (no shield)
rPois  ∞         Spirit   .     w - +1 helmet
rElec  .         Dismiss  .     (no cloak)
rCorr  .         Reflect  .     (no gloves)
MR     .....     Harm     .     (no boots)
Stlth  +.........               (no amulet)
                                (no ring)
                                (no ring)

@: rotting
A: rotting body, reduced essence, claws 1, carnivore 3, cold resistance 1,
negative energy resistance 3, slow regeneration 1, torment resistance,
unbreathing
a: Ancestor Life: Knight, Ancestor Life: Battlemage, Ancestor Life: Hexer,
Recall Ancestor, Ancestor Identity, Transference, Renounce Religion


You were on level 8 of the Dungeon.
You worshipped Hepliaklqana.
Hepliaklqana was most pleased with you.
You were not hungry.

You visited 2 branches of the dungeon, and saw 9 of its levels.
You also visited: Sewer.

You collected 290 gold pieces.

Inventory:

Armour
 a - a +0 robe
 i - a +1 scale mail (worn)
 w - a +1 helmet (worn)
Rods
 q - a +0 rod of ignition (11/11)
   (You found it on level 5 of the Dungeon)
Jewellery
 u - an uncursed ring of protection from cold {unknown}
Wands
 x - a wand of slowing (24/48)
 A - a wand of digging (16/24)
Scrolls
 h - a scroll of fear
 n - a scroll of fog
 r - a scroll of identify
 t - 3 scrolls of teleportation
 z - a scroll of summoning {unknown}
Potions
 c - 6 potions of curing
 d - a potion of haste
 e - 3 potions of agility
 g - 2 potions of heal wounds
 j - 4 potions of brilliance
 k - 2 potions of invisibility
 l - a potion of magic {unknown}
 m - a potion of degeneration {unknown}
 o - a potion of ambrosia {unknown}
 p - 2 potions of might
 s - a potion of flight {unknown}
Books
 v - a Necronomicon

   Spells                             Type                      Level
   a - Haunt                          Necromancy/Summoning         7
   b - Borgnjor's Revivification      Necromancy                   8
   c - Death's Door                   Charms/Necromancy            8
   d - Infestation                    Necromancy                   8
   e - Necromutation                  Transmutation/Necromancy     8
 y - a book of Cantrips

   Spells                             Type                      Level
   a - Confusing Touch                Hexes                        1
   b - Animate Skeleton               Necromancy                   1
   c - Summon Small Mammal            Summoning                    1
   d - Apportation                    Translocation                1
Comestibles
 b - 3 meat rations
 f - a slice of pizza


   Skills:
 + Level 8.7 Fighting
 - Level 2.6 Dodging
 - Level 2.1 Stealth
 * Level 11.6 Unarmed Combat


You had 8 spell levels left.
You didn't know any spells.

Dungeon Overview and Level Annotations

Branches:
Dungeon (8/15)             Temple (1/1) D:6
   Lair: D:8-11

Altars:
Ashenzari
Cheibriados
Elyvilon
Fedhas
Gozag
Hepliaklqana
Kikubaaqudgha
Makhleb
Nemelex Xobeh
Okawaru
Qazlal
Ru
Sif Muna
Trog
Uskayaw
Vehumet
Xom
Yredelemnul
Zin
The Shining One

Shops:
D:3 *

Annotations:
D:8 Gastronok


Innate Abilities, Weirdness & Mutations

Your body is rotting away.
You thrive on raw meat.
You are immune to poison.
You have sharp fingernails.
You are carnivorous and can eat meat at any time.
Your flesh is cold resistant. (rC+)
You are immune to negative energy. (rN+++)
You regenerate slowly when monsters are visible.
You are immune to unholy pain and torment.
You can survive without breathing.
Your life essence is reduced. (-10% HP)


Message History

Gastronok is lightly wounded.
You scratch Gastronok.
Gastronok is lightly wounded.
Gastronok bites you!
You scratch Gastronok.
Gastronok is lightly wounded.
You scratch Gastronok.
Gastronok is lightly wounded.
The iguana bites you. Gastronok bites you.
You claw Gastronok!
Gastronok is moderately wounded.
The iguana barely misses you.
You claw Gastronok!
Gastronok is moderately wounded.
The iguana misses you.
You claw Gastronok! x2
Gastronok is heavily wounded.
Gastronok waves his eye-stalks in wide circles.
The air twists around and strikes you!
You die...

... ..#####
#### ##.......
.... .........
#..# #........
#..# #........
#..####.w......
#..#...@l......
#..#...........
#.......#......
#.##...##..####
#.#........#
#.#...#.#.##
#.#.....# #
#.#.#.#.#
#.#.#.#.##


You could see Gastronok and an iguana.

Vanquished Creatures
  Grinder (D:3)
  A hippogriff (D:7)
  An orc warrior (D:6)
  A sky beast (D:7)
  3 ice beasts
  A black bear (D:6)
  An ogre (D:5)
  2 centaurs (D:7)
  3 bullfrogs
  A scorpion (D:8)
  2 crimson imps
  2 bullfrog skeletons
  A bullfrog zombie (D:6)
  5 orc wizards
  3 orc priests (D:7)
  2 hounds
  3 iguanas
  4 worker ants
  A killer bee zombie (D:5)
  3 hound skeletons
  A worker ant zombie (D:5)
  3 river rats (D:6)
  3 adders
  A shadow imp (D:5)
  An adder skeleton (D:4)
  A worm (D:2)
  2 dart slugs (D:1)
  3 leopard geckos
  22 orcs
  5 ball pythons
  4 giant cockroaches
  4 hobgoblins
  11 jackals
  17 kobolds
  3 quokkas
  A ball python zombie (D:5)
  9 bats
  8 frilled lizards
  3 goblins (D:1)
  2 quokka skeletons (D:4)
  7 rats
  A plant (Sewer)
153 creatures vanquished.

Vanquished Creatures (collateral kills)
  An ogre (D:7)
  A centaur (D:7)
  A bullfrog (D:7)
  A crimson imp (D:7)
  An orc (D:7)
5 creatures vanquished.

Vanquished Creatures (others)
  An ancestor (D:7)
1 creature vanquished.

Grand Total: 159 creatures vanquished

Notes
Turn   | Place    | Note
-------+----------+-------------------------------------------
     0 | D:1      | TheGoonsmith the Ghoul Monk began the quest for the Orb.
     0 | D:1      | Reached XP level 1. HP: 19/19 MP: 0/0
   163 | D:1      | Reached XP level 2. HP: 24/26 MP: 1/1
   361 | D:1      | Reached skill level 4 in Unarmed Combat
   840 | D:2      | Reached XP level 3. HP: 29/32 MP: 2/2
  1714 | D:2      | Noticed a bullfrog
  1723 | D:2      | Killed a bullfrog
  1723 | D:2      | Reached skill level 5 in Unarmed Combat
  1723 | D:2      | Reached XP level 4. HP: 34/39 MP: 3/3
  1861 | D:3      | Reached XP level 5. HP: 44/46 MP: 4/4
  1866 | D:3      | Found Zin's Purification Station.
  1871 | D:3      | Found a glowing silver altar of Zin.
  1885 | D:3      | Noticed Grinder
  1885 | D:3      | Paralysed by Grinder for 5 turns
  1895 | D:3      | Paralysed by Grinder for 7 turns
  1917 | D:3      | Killed Grinder
  1917 | D:3      | Reached skill level 5 in Fighting
  1917 | D:3      | Reached skill level 6 in Unarmed Combat
  1917 | D:3      | Reached XP level 6. HP: 27/55 MP: 5/5
  2131 | D:3      | Found a sparkling altar of Nemelex Xobeh.
  2513 | D:4      | Found a deep blue altar of Sif Muna.
  2696 | D:4      | Reached skill level 7 in Unarmed Combat
  2696 | D:4      | Reached XP level 7. HP: 39/59 MP: 6/6
  2835 | D:4      | Found a bloodstained altar of Trog.
  3344 | D:5      | Entered Level 5 of the Dungeon
  3563 | D:5      | Reached skill level 8 in Unarmed Combat
  3915 | D:5      | Found a glowing golden altar of the Shining One.
  3961 | D:5      | Reached XP level 8. HP: 59/71 MP: 7/7
  4056 | D:6      | Identified a +0 rod of ignition (11/11) (You found it on level 5 of the Dungeon)
  4113 | D:6      | Found a shattered altar of Ashenzari.
  4174 | D:6      | Reached skill level 9 in Unarmed Combat
  4423 | D:6      | Found a glowing drain.
  4476 | Sewer    | Entered a sewer
  5144 | D:6      | Found a staircase to the Ecumenical Temple.
  5174 | Temple   | Entered the Ecumenical Temple
  5240 | Temple   | Became a worshipper of Hepliaklqana
  5240 | Temple   | Reached * piety under Hepliaklqana
  5240 | Temple   | Reached ** piety under Hepliaklqana
  5764 | D:7      | Reached skill level 10 in Unarmed Combat
  5971 | D:7      | Reached XP level 9. HP: 38/71 MP: 8/8
  6167 | D:7      | Reached *** piety under Hepliaklqana
  6182 | D:7      | Reached skill level 11 in Unarmed Combat
  6877 | D:8      | Noticed Gastronok
  6889 | D:8      | Killed from afar by Gastronok

Vault maps used:
D:1:      elethiomel_arrival_quiet
D:2:      first_bread, minmay_hedge_maze
D:3:      zin_purify, nemelex_xobeh_ov_fountains_minmay,
          hangedman_feature_mirror, hangedman_decor_opposing, uniq_grinder
D:4:      lemuel_round_altar, trog_three_pillars_becter
D:5:      nicolae_tso_carved_into_rock
D:6:      cheibrodos_ashenzari_chains, portal_sewer_entry_b,
          minmay_misc_feat_iff
D:8:      lemuel_bear_cage, lemuel_crystal_altar, special_room,
          uniq_prince_ribbit1, uniq_gastronok
Temple:   compressed_dpeg_circular_temple
Sewer:    sewer_co_scattered_pipes

Skill      XL: |  1  2  3  4  5  6  7  8  9 |
---------------+----------------------------+-----
Unarmed Combat | 4 5 6 7 8 10 11 | 11.6
Fighting       | 4 5 6 7 8 |  8.7
Dodging        | |  2.6
Stealth        | |  2.1

Action                   |  1- 3 |  4- 6 |  7- 9 || total
-------------------------+-------+-------+-------++-------
Melee: Unarmed           |   104 |    90 |   376 ||   570
       Punch             |       |     2 |     9 ||    11
  Use: Scroll            |       |    10 |     8 ||    18
 Stab: Sleeping          |     5 |       |       ||     5
       Distracted        |       |       |     1 ||     1
  Eat: Chunk             |     2 |     4 |    16 ||    22
Armor: Robe              |    11 |       |       ||    11
       Scale mail        |    14 |    43 |   119 ||   176
Dodge: Dodged            |    64 |    46 |   153 ||   263
